 Dungeon Crawl Stone Soup version 0.18.1-5-g4a78601 (webtiles) character file.

931 jacquesderrida the Poker (level 7, 0/50 HPs)
             Began as a Demonspawn Skald on May 14, 2016.
             Was a Follower of Ashenzari.
             Blown up by Sonja (12 damage)
             ... with a wand of disintegration
             ... on level 10 of the Dungeon.
             The game lasted 00:13:55 (3406 turns).

jacquesderrida the Poker (Demonspawn Skald)         Turns: 3406, Time: 00:13:56

Health: 0/50       AC: 15    Str: 12    XL:     7   Next: 86%
Magic:  10/10      EV: 14    Int: 13    God:    Ashenzari [*.....]
Gold:   250        SH:  0    Dex: 13    Spells: 3 memorised, 3 levels left

rFire  . . .     SeeInvis .     a - +0 spear
rCold  + . .     Gourm    .     b - +0 leather armour
rNeg   . . .     Faith    .     (no shield)
rPois  .         Spirit   .     l - +1 helmet
rElec  .         Dismiss  .     (no cloak)
rCorr  .         Reflect  .     e - +2 pair of gloves
SustAt .         Harm     .     (no boots)
MR     .....                    t - amulet of rage
Stlth  +.........               u - ring of protection from cold
                                q - +3 ring of evasion

@: lethally poisoned (0 -> -1), slowed, very slow, not resistant to hostile
enchantments, very unstealthy
A: claws 1, rough black scales 2, powered by death 1
a: Curse Item, Scrying, Renounce Religion, Evoke Berserk Rage


You were on level 10 of the Dungeon.
You worshipped Ashenzari.
Ashenzari was aware of your devotion.
You were not hungry.

You visited 2 branches of the dungeon, and saw 11 of its levels.

You collected 320 gold pieces.
You spent 70 gold pieces at shops.

Inventory:

Hand Weapons
 a - a +0 spear (weapon)
Missiles
 j - 2 javelins (quivered)
Armour
 b - a +0 leather armour (worn)
 e - a +2 pair of gloves (worn)
 l - a +1 helmet (worn)
 x - a +0 chain mail of magic resistance
Jewellery
 q - a +3 ring of evasion (left hand)
 t - an amulet of rage (around neck)
 u - a ring of protection from cold (right hand)
Wands
 g - a wand of random effects (6/48)
 y - a wand of lightning (6/15)
Scrolls
 i - a scroll of amnesia
 k - 4 scrolls of identify
 n - a scroll of remove curse
Potions
 m - 2 potions of brilliance
 o - 2 potions of flight
 p - a potion of ambrosia
 r - a potion of curing
 s - a potion of cure mutation
 v - a potion of heal wounds
Books
 c - a book of Battle

   Spells                             Type                      Level
   a - Infusion                       Charms                       1
   b - Shroud of Golubria             Charms/Translocation         2
   c - Song of Slaying                Charms                       2
   d - Spectral Weapon                Hexes/Charms                 3
   e - Regeneration                   Charms/Necromancy            3
Comestibles
 d - 3 bread rations
 f - 3 meat rations
 w - 7 fruits


   Skills:
 + Level 2.2 Fighting
 + Level 7.3 Polearms
 - Level 0.8 Armour
 - Level 0.8 Dodging
 - Level 2.0 Spellcasting
 - Level 4.0 Hexes
 - Level 2.6 Charms
 + Level 0.9 Necromancy


You had 3 spell levels left.
You knew the following spells:

 Your Spells              Type           Power        Failure   Level  Hunger
a - Infusion              Chrm           #...         12%         1    ##.....
b - Spectral Weapon       Hex/Chrm       ##......     28%         3    ####...
c - Regeneration          Chrm/Necr      #.........   54%         3    ####...


Dungeon Overview and Level Annotations

Branches:
Dungeon (10/15)            Temple (1/1) D:6            Lair (0/8) D:8
    Orc: D:9-12

Altars:
Ashenzari
Elyvilon
Gozag
Okawaru
Sif Muna
Vehumet
Xom

Shops:
D:5 !

Annotations:
D:9 4 runed doors, Pikel
D:10 Sonja


Innate Abilities, Weirdness & Mutations

You have sharp fingernails.
You are mostly covered in rough black scales (AC +7, Dex -2).
You regenerate a little health from kills.


Message History

r - Retreat! s - Stop attacking. w - Wait here. f - Follow me.
Anything else - Stay silent.
Gang up on whom?
Press: ? - help, Dir - move target cursor, f - Sonja, p - gargoyle
Aim: Sonja, wielding a blowgun and carrying a wand of disintegration {zapped: 1} Attack!
The gargoyle hurls a stone arrow at you.
The stone arrow hits you!
Unknown command.
Sonja shoots a curare-tipped needle.
The curare-tipped needle hits you.
You are poisoned.
You have difficulty breathing.
* * * LOW HITPOINT WARNING * * *
You feel yourself slow down.
The gargoyle hurls a stone arrow at you.
The stone arrow misses you.
You see here a curare-tipped needle.
You feel sick.
Sonja zaps a wand.
You are blasted!
You die...

#......<.ยง.#
##.........#
...........#
.##........#
......#'######
.......#.[....#
.......####9K.#
.......####...#
..... #.@(...#
###+ #.##...#
#. #...# ..
....# #.##....#
.. #....# #..
#.#### #.# #.
#.


You could see Sonja.

Vanquished Creatures
  A phantom (D:8)
  A centaur (D:4)
  A crocodile (D:8)
  A scorpion (D:8)
  4 killer bees (D:8)
  A crimson imp (D:5)
  4 hounds
  2 iguanas (D:6)
  9 adders
  A shadow imp (D:5)
  3 oozes
  An adder skeleton (D:5)
  2 worms (D:2)
  2 dart slugs
  2 giant geckos (D:4)
  8 orcs
  2 giant cockroaches
  7 goblins
  3 hobgoblins
  4 jackals (D:2)
  8 kobolds
  A quokka (D:8)
  3 ball pythons
  8 bats
  A giant gecko skeleton (D:6)
  2 giant newts
  2 quokka skeletons
  7 rats
91 creatures vanquished.

Vanquished Creatures (collateral kills)
  A slave (D:10)
  A giant frog (D:10)
  A jelly (D:9)
  An orc wizard (D:9)
  An orc (D:9)
5 creatures vanquished.

Vanquished Creatures (others)
  3 fungi (D:8)
  A spectral weapon (D:6)
4 creatures vanquished.

Grand Total: 100 creatures vanquished

Notes
Turn   | Place    | Note
--------------------------------------------------------------
     0 | D:1      | jacquesderrida the Demonspawn Skald began the quest for the Orb.
     0 | D:1      | Reached XP level 1. HP: 16/16 MP: 3/3
    25 | D:1      | Reached skill level 2 in Polearms
   148 | D:1      | Gained mutation: You regenerate a little health from kills. [demonic ancestry]
   148 | D:1      | Reached XP level 2. HP: 18/22 MP: 5/5
   445 | D:2      | Reached skill level 3 in Polearms
   580 | D:2      | Reached XP level 3. HP: 26/27 MP: 0/6
   742 | D:2      | Found a white marble altar of Elyvilon.
   972 | D:3      | Reached skill level 4 in Polearms
   972 | D:3      | Gained mutation: You are partially covered in rough black scales (AC +4, Dex -1). [demonic ancestry]
   972 | D:3      | Reached XP level 4. HP: 33/33 MP: 3/7
   987 | D:3      | Found an opulent altar of Gozag.
  1120 | D:4      | Noticed a centaur
  1237 | D:4      | Noticed a phantom
  1305 | D:3      | Found an opulent altar of Gozag.
  1601 | D:4      | Killed a centaur
  1601 | D:4      | Reached skill level 5 in Polearms
  1601 | D:4      | Gained mutation: You have sharp fingernails. [demonic ancestry]
  1601 | D:4      | Reached XP level 5. HP: 36/38 MP: 1/8
  1675 | D:5      | Entered Level 5 of the Dungeon
  1826 | D:5      | Gained mutation: You are mostly covered in rough black scales (AC +7, Dex -2). [demonic ancestry]
  1826 | D:5      | Reached XP level 6. HP: 44/44 MP: 2/9
  1843 | D:5      | Learned a level 3 spell: Spectral Weapon
  1843 | D:5      | Found Oferenew's Distillery.
  1861 | D:5      | Bought a potion of heal wounds for 70 gold pieces
  2071 | D:5      | Reached skill level 6 in Polearms
  2374 | D:6      | Found a staircase to the Ecumenical Temple.
  2383 | Temple   | Entered the Ecumenical Temple
  2387 | Temple   | Became a worshipper of Ashenzari the Shackled
  2663 | D:6      | Reached skill level 1 in Hexes
  2876 | D:7      | Noticed an orc warrior
  2885 | D:8      | Found a shimmering altar of Xom.
  2936 | D:8      | Learned a level 3 spell: Regeneration
  2952 | D:8      | Reached XP level 7. HP: 39/50 MP: 4/10
  3177 | D:8      | Reached skill level 7 in Polearms
  3215 | D:8      | Found a staircase to the Lair.
  3237 | D:8      | Noticed a yak
  3350 | D:9      | Noticed a polar bear
  3351 | D:9      | Noticed a hog
  3351 | D:9      | Found a huge runed gate.
  3351 | D:9      | Noticed a polar bear
  3351 | D:9      | Noticed a polar bear
  3351 | D:9      | Noticed a polar bear
  3352 | D:9      | Noticed a polar bear
  3352 | D:9      | Found a huge runed gate.
  3352 | D:9      | Found a huge runed gate.
  3352 | D:9      | Found a huge runed gate.
  3352 | D:9      | Noticed a hog
  3352 | D:9      | Noticed a polar bear
  3353 | D:9      | Noticed Pikel
  3353 | D:9      | Noticed a polar bear
  3353 | D:9      | Noticed a polar bear
  3354 | D:9      | Noticed a polar bear
  3354 | D:9      | Noticed a polar bear
  3354 | D:9      | Noticed a hippogriff
  3380 | D:10     | Entered Level 10 of the Dungeon
  3380 | D:10     | Reached * piety under Ashenzari
  3380 | D:10     | Noticed a gargoyle
  3381 | D:10     | Noticed Sonja
  3406 | D:10     | Blown up by Sonja

Skill      XL: |  1  2  3  4  5  6  7 |
---------------+----------------------+-----
Polearms       | 2 3 4 5 6 7 |  7.3
Hexes          | 2 4 |  4.0
Fighting       | |  2.2
Armour         | |  0.8
Dodging        | |  0.8
Spellcasting   | |  2.0
Charms         | |  2.6
Necromancy     | |  0.9

Action                   |  1- 3 |  4- 6 |  7- 9 || total
-------------------------+-------+-------+-------++-------
Melee: Spear             |   196 |   303 |    96 ||   595
 Cast: Infusion          |     5 |     3 |       ||     8
       Spectral Weapon   |       |     5 |     3 ||     8
Evoke: Wand              |       |       |     4 ||     4
  Use: Potion            |     1 |     3 |     1 ||     5
       Scroll            |       |    16 |     2 ||    18
 Stab: Distracted        |     1 |       |       ||     1
       Sleeping          |     1 |     1 |       ||     2
  Eat: Chunk             |     1 |     6 |     2 ||     9
       Beef jerky        |       |     1 |       ||     1
Armor: Leather armour    |    49 |    87 |    32 ||   168
       Skin              |    10 |       |       ||    10
Dodge: Dodged            |    83 |   192 |    63 ||   338
